Map: Efflorescence LE

Players

qqq - Winner!

  • Race: Zerg Zerg

Massa - Winner!

  • Race: Terran Terran
  • League: Platinum

MissCaVeiRa

  • Race: Protoss Protoss

Aristori

  • Race: Zerg Zerg

VOD

Have the link to the VOD?

Description

Time

  • Played on: April 25, 2021, 4:08 p.m.
  • Length: 11:14
Show
View Real Time Build Order
Export as new Build Order

qqq Zerg - Winner!

Build Orders: Hatch First 

Get SALT Encoding   

  12  0:00  Drone  
  13  0:09  Drone  
  14  0:18  Overlord  
  14  0:49  Hatchery  
  13  0:52  Drone  
  13  0:53  Drone  
  13  0:56  Drone  
  16  1:07  Extractor, Drone  
  16  1:22  Spawning Pool  
  15  1:29  Drone x2  
  17  1:43  Drone  
  18  1:47  Drone  
  19  1:57  Drone  
  21  2:01  Drone  
  21  2:09  Queen x2  
  21  2:13  Drone  
  26  2:19  Metabolic Boost  
  26  2:25  Overlord  
  26  2:28  Drone  
  27  2:32  Zergling x2  
  28  2:43  Zergling x4  
  31  2:44  Zergling x2  
  31  2:57  Zergling x4  
  31  2:58  Drone  
  34  3:05  Drone  
  35  3:06  Evolution Chamber  
  35  3:09  Drone  
  35  3:14  Drone  
  35  3:15  Baneling Nest  
  35  3:20  Drone  
  36  3:34  Zerg Melee Weapons Level 1  
  36  3:35  Overlord x3  
  36  3:38  Overlord  
  36  3:52  Lair  
  36  3:53  Zergling x6  
  36  3:55  Zergling x4  
  41  4:01  Zergling x4  
  43  4:03  Baneling  
  42  4:22  Baneling x2  
  41  4:28  Zergling x10  
  45  4:40  Zergling x6  
  48  4:54  Zergling x4  
  42  5:27  Zergling x12  
  44  5:39  Zergling x8  
  44  5:40  Zergling x4  
  44  5:41  Baneling x3  
  47  5:50  Zergling x4  
  44  5:59  Zergling x8  
  48  6:05  Zerg Ground Armor Level 1  
  46  6:24  Zergling x10  
  46  6:25  Zergling x2  
  49  6:26  Hatchery  
  48  6:36  Hatchery  
  48  6:37  Baneling x4  
  48  6:39  Drone, Zergling x6  
  53  6:40  Drone x3  
  53  7:00  Zergling x6  
  53  7:01  Zergling x10  
  47  7:09  Zergling x4  
  49  7:23  Zergling x2  
  49  7:24  Zergling x2  
  49  7:28  Drone x2, Zergling x4  
  51  7:43  Zergling x10  
  53  7:45  Baneling  
  53  7:46  Baneling  
  53  7:54  Zergling x2  
  53  7:55  Zergling x12  
  56  7:58  Zerg Melee Weapons Level 2  
  56  8:03  Zergling x12  
  56  8:18  Zergling x8  
  55  8:30  Baneling x4  
  55  8:31  Drone x4  
  55  8:32  Zergling x8  
  55  8:34  Queen  
  63  8:36  Queen  
  63  8:39  Extractor  
  64  9:03  Baneling x3  
  64  9:04  Baneling x2  
  64  9:14  Extractor, Drone x2  
  64  9:15  Drone x3, Overlord x3  
  64  9:16  Extractor, Zergling x8  
  71  9:33  Spore Crawler  
  70  9:48  Spore Crawler  
  69  9:53  Evolution Chamber  
  69  9:54  Drone, Spine Crawler, Zergling x4  
  69  9:55  Drone x2, Zergling x4, Overlord  
  69  9:56  Zergling x4  
  76  10:06  Spine Crawler  
  75  10:08  Baneling x3, Spine Crawler  
  60  10:22  Zergling x6  
  60  10:23  Zergling x12  
  68  10:30  Zergling x10  
  68  10:31  Zergling x2  
  68  10:35  Drone  
  75  10:54  Infestation Pit  
  75  10:56  Hydralisk Den  
Show
View Real Time Build Order
Export as new Build Order

Massa Terran - Winner!

Build Orders:  

Get SALT Encoding   

  12  0:00  SCV  
  13  0:12  SCV  
  14  0:18  Supply Depot  
  14  0:24  SCV  
  15  0:40  SCV  
  15  0:41  Barracks  
  16  0:47  Refinery  
  16  0:52  SCV  
  17  1:04  SCV  
  17  1:06  Supply Depot  
  18  1:16  SCV, Barracks  
  19  1:31  Orbital Command  
  19  1:36  Barracks Tech Lab  
  19  1:45  Barracks  
  19  1:58  Stimpack  
  19  2:00  Marine  
  20  2:04  Marine  
  21  2:13  Supply Depot  
  21  2:18  SCV  
  21  2:19  Marauder  
  21  2:22  Marine  
  25  2:33  Marine  
  26  2:40  Marauder, Marine  
  29  2:45  Supply Depot  
  29  2:51  Marine  
  29  2:58  Marine  
  30  3:02  Marauder  
  33  3:08  Supply Depot  
  33  3:09  Marine  
  34  3:16  Marine  
  35  3:23  Marauder  
  37  3:27  Marine  
  37  3:34  Marine  
  39  3:43  Concussive Shells  
  39  3:44  Marauder  
  39  3:45  Marine  
  42  3:51  Marine  
  42  3:52  Command Center  
  43  4:02  Marine  
  40  4:28  Marauder, Marine x2  
  43  4:45  Marine  
  37  5:11  Marauder, Marine x2  
  37  5:12  SCV  
  40  5:15  Orbital Command  
  32  5:25  SCV  
  32  5:29  Marine x2  
  32  5:33  Marauder  
  35  5:37  SCV  
  36  5:47  Marine  
  36  5:49  SCV x2  
  39  5:55  Marauder, Marine  
  39  5:56  Combat Shield  
  42  6:01  SCV x2  
  44  6:04  Marine  
  43  6:13  SCV x2, Marine  
  43  6:16  Marauder  
  43  6:22  Marine  
  43  6:24  Refinery  
  43  6:30  Factory  
  43  6:32  Barracks Reactor  
  40  6:35  Barracks, Factory  
  40  6:36  Command Center  
  40  6:38  SCV x2, Marauder  
  44  6:40  Marine  
  45  6:49  Refinery  
  45  6:50  SCV, Bunker  
  46  6:58  Marine  
  46  6:59  Marauder  
  49  7:16  Marine x2  
  49  7:17  Marine  
  49  7:20  Factory Tech Lab, Marauder, Factory Reactor  
  54  7:34  Marine x3  
  57  7:41  Marine  
  46  8:15  Marauder, Marine x4  
  47  8:21  Widow Mine  
  47  8:22  Widow Mine  
  47  8:23  Siege Tank  
  54  8:32  SCV x2  
  54  8:33  Marine x2  
  59  8:37  Marauder  
  59  8:39  Marine x2  
  62  8:43  Widow Mine x2  
  62  8:44  SCV x2  
  68  8:49  Supply Depot  
  68  8:50  Supply Depot  
  68  8:51  Marine x2  
  68  8:53  Supply Depot  
  70  8:57  Marine x2  
  70  8:58  Marauder  
  70  9:02  SCV  
  75  9:04  Widow Mine  
  75  9:05  SCV x2  
  75  9:06  Refinery  
  75  9:08  Marine  
  75  9:09  Marine  
  81  9:11  Supply Depot  
  81  9:12  Supply Depot  
  81  9:14  SCV  
  84  9:17  SCV  
  84  9:18  Engineering Bay  
  84  9:19  Marauder  
  84  9:20  Barracks Tech Lab  
  84  9:21  Barracks Reactor  
  84  9:22  Siege Tank  
  88  9:25  Infernal Pre-Igniter  
  88  9:26  SCV  
  88  9:30  Hellion x2  
  93  9:41  Marauder  
  95  9:47  Planetary Fortress  
  95  9:48  SCV x2  
  95  9:51  Hellion x2  
  101  9:55  Ghost Academy  
  101  9:59  Siege Tank  
  104  10:00  SCV x2  
  104  10:02  Marauder  
  108  10:12  SCV  
  108  10:13  Hellion x2  
  105  10:31  Marauder x2  
  105  10:32  Marine x4  
  105  10:33  Siege Tank  
  105  10:34  Hellion x2  
  120  10:42  Starport  
  120  10:43  SCV x3  
  120  10:45  Refinery  
  120  10:46  Refinery  
  123  10:50  Marine x2  
  125  11:05  Supply Depot  
  125  11:06  Supply Depot  
  125  11:07  Supply Depot x3  
  125  11:08  Supply Depot  
  125  11:11  Supply Depot  
Show
View Real Time Build Order
Export as new Build Order

MissCaVeiRa Protoss 

Build Orders: 1 Gate Expand, Blink Stalkers 

Get SALT Encoding   

  12  0:02  Probe  
  13  0:14  Probe  
  14  0:21  Pylon  
  14  0:26  Probe  
  15  0:39  Probe  
  16  0:50  Gateway  
  16  0:55  Probe, Assimilator  
  17  1:07  Probe  
  18  1:26  Probe  
  18  1:29  Nexus  
  19  1:41  Cybernetics Core  
  19  1:48  Probe, Pylon  
  19  1:51  Assimilator  
  20  2:00  Probe  
  20  2:01  Zealot (Chrono Boost)  
  23  2:12  Probe  
  23  2:15  Warp Gate (Chrono Boost)  
  24  2:24  Probe (Chrono Boost)  
  25  2:36  Probe (Chrono Boost)  
  26  2:43  Probe (Chrono Boost), Gateway  
  27  2:48  Probe  
  27  2:50  Probe, Pylon  
  28  2:54  Stalker  
  31  3:03  Probe  
  31  3:04  Probe  
  33  3:10  Twilight Council  
  33  3:15  Probe  
  33  3:16  Probe  
  35  3:24  Forge  
  35  3:30  Pylon  
  35  3:32  Probe  
  35  3:33  Probe  
  37  3:44  Probe  
  37  3:45  Probe  
  37  3:48  Blink (Chrono Boost)  
  39  3:57  Probe x2  
  41  4:05  Gateway x2  
  41  4:08  Stalker  
  37  4:32  Stalker x2  
  41  4:56  Zealot  
  41  4:57  Zealot  
  41  5:05  Zealot  
  43  5:07  Zealot  
  36  5:18  Photon Cannon  
  36  5:21  Photon Cannon  
  30  5:26  Stalker x2  
  34  5:32  Charge (Chrono Boost)  
  34  5:42  Zealot x2  
  38  6:00  Stalker x2  
  38  6:30  Zealot x4  
  40  7:03  Zealot x4  
  30  7:21  Gateway  
  30  7:22  Gateway x2  
  30  7:26  Zealot x4  
  34  7:51  Zealot  
  34  7:52  Zealot x3  
  22  8:15  Zealot x3  
  22  8:16  Zealot  
  30  8:27  Zealot x2  
  30  8:28  Zealot  
  30  8:32  Probe x2 (Chrono Boost)  
  40  8:42  Probe x2 (Chrono Boost)  
  40  8:45  Zealot  
  40  8:47  Probe x2 (Chrono Boost)  
  44  8:58  Probe x2  
  44  9:00  Stalker  
  48  9:02  Protoss Ground Armor Level 1 (Chrono Boost)  
  48  9:12  Probe  
  49  9:25  Zealot  
  49  9:26  Zealot  
  53  9:36  Probe  
  54  9:38  Pylon  
  54  9:41  Pylon  
  54  9:56  Probe x2  
  56  10:09  Probe x2  
  58  10:21  Probe  
  47  10:24  Zealot x5  
  47  10:25  Zealot x2  
  51  10:43  Stargate  
  51  10:47  Stargate  
  51  10:48  Stargate  
  51  10:51  Stargate  
  51  10:59  Zealot x5  
Show
View Real Time Build Order
Export as new Build Order

Aristori Zerg 

Build Orders: Hatch First, Zergling Baneling 

Get SALT Encoding   

  12  0:00  Drone  
  13  0:13  Overlord  
  13  0:17  Drone  
  14  0:32  Drone x2  
  16  0:51  Hatchery  
  16  0:54  Drone  
  17  0:57  Drone  
  17  1:00  Drone  
  18  1:11  Extractor  
  17  1:16  Spawning Pool  
  16  1:20  Drone  
  16  1:23  Drone  
  18  1:32  Drone  
  19  1:41  Drone  
  20  1:55  Overlord  
  20  2:03  Queen x2  
  20  2:04  Zergling x4  
  26  2:15  Drone x2  
  27  2:16  Metabolic Boost  
  28  2:25  Drone x2  
  30  2:42  Hatchery  
  29  2:47  Drone x2  
  31  2:52  Baneling Nest  
  30  3:04  Overlord  
  30  3:05  Drone x3  
  33  3:13  Overlord  
  33  3:15  Zergling x2  
  34  3:21  Zergling x4  
  36  3:30  Zergling x2  
  36  3:31  Zergling x6  
  39  3:38  Overlord  
  39  3:39  Baneling x2  
  39  3:41  Baneling  
  39  3:44  Zergling x6  
  42  3:50  Zergling x6  
  42  3:52  Baneling x3  
  45  3:56  Baneling  
  45  4:01  Zergling x6  
  47  4:09  Zergling x6  
  49  4:12  Baneling x3  
  45  4:22  Zergling x10  
  43  4:28  Baneling  
  41  4:31  Zergling x4  
  41  4:32  Zergling x2  
  39  4:38  Zergling x2  
  39  4:39  Zergling x6  
  38  4:46  Zergling x6  
  38  4:51  Baneling  
  38  4:52  Baneling  
  37  5:04  Zergling x12  
  37  5:05  Zergling x2  
  36  5:21  Zergling x12  
  31  5:35  Zergling x8  
  31  5:45  Zergling x6  
  28  5:58  Zergling x2  
  28  5:59  Zergling x6  
  32  6:05  Zergling x4  
  31  6:32  Overlord x2  
  30  6:39  Hatchery  
  22  7:04  Zergling x12  
  26  7:14  Baneling Nest  
  25  7:19  Zergling x2  
  25  7:20  Zergling x2  
  21  7:40  Zergling x4  
  21  7:41  Zergling x2  
  24  7:52  Zergling x6  
  26  7:59  Baneling  
  26  8:00  Baneling x5  
  26  8:01  Zergling x2  
  26  8:02  Zergling x4  
  29  8:10  Zergling x2  
  29  8:18  Drone  
  29  8:19  Drone  
  29  8:29  Drone x2  
  29  8:30  Drone x3  
  34  8:48  Queen  
  34  9:01  Baneling x3  
  34  9:04  Drone x4  
  38  9:13  Roach Warren  
  37  9:35  Hatchery  
  36  9:51  Drone x4  
  40  9:54  Roach x4  
  48  10:00  Baneling  
  48  10:01  Baneling x5  
  44  10:21  Roach x5  
  44  10:24  Overlord  
  52  10:32  Overlord  
  52  10:47  Roach x4  
  59  10:51  Overlord  
Tags
 
Add a new tag
Caveats
  • Supply blocks, unpowered buildings, or Contaminate may cause inaccurate times.
  • Supply counts are checked every 10 seconds.